 Dungeon Crawl Stone Soup version 0.30-a0-847-g17996783a1 (webtiles) character file.

Game seed: 13078145178263305170

10392 Pimp the Protected (level 11, -9/93 (101) HPs)
             Began as an Armataur Fighter on Mar 3, 2023.
             Was a High Priest of Okawaru.
             Mangled by a soul eater (11 damage)
             ... summoned by a kobold demonologist
             ... on level 10 of the Dungeon.
             The game lasted 00:28:23 (11057 turns).

Pimp the Protected (Armataur Fighter)              Turns: 11057, Time: 00:28:24

HP:   -9/93 (101)   AC: 19    Str: 24    XL:     11   Next: 35%
MP:   11/11         EV:  7    Int:  8    God:    Okawaru [*****.]
Gold: 1545          SH:  0    Dex: 10    Spells: 10/10 levels left

rFire   + + .      SeeInvis +    n - +5 battleaxe "Nythecro" {flame, rC+}
rCold   . . .      Faith    .    (shield currently unavailable)
rNeg    . . .      Spirit   .    H - +0 fire dragon scales
rPois   .          Reflect  .    q - +1 helmet
rElec   .          Roll     +    g - +0 cloak
rCorr   .                        (no gloves)
Will    .....                    (no barding) Stlth
                                 (no amulet)
HPRegen 0.35/turn                h - +4 ring of protection
MPRegen 0.12/turn                C - ring of see invisible

@: slowed, drained, very slow
A: large, rugged brown scales 3, deformed body, armoured tail, roll, long
tongue, awkward tongue, sense surroundings 1, weak 1, wild magic 1
a: Renounce Religion, Heroism, Finesse, Duel


You were on level 10 of the Dungeon.
You worshipped Okawaru.
Okawaru was extremely pleased with you.
You visited 2 branches of the dungeon, and saw 11 of its levels.
You visited the Abyss 1 time.
You also visited: Bailey.

You collected 1545 gold pieces.

Inventory:

Hand Weapons
 a - a +0 war axe
 d - the +11 whip of the Eight Knives {heavy, rC+ MP+9}
   (You found it on level 4 of the Dungeon)

   rC:        It protects you from cold.
   MP:        It affects your magic capacity (+9).
 n - the +5 battleaxe "Nythecro" (weapon) {flame, rC+}
   (You acquired it on level 6 of the Dungeon)

   rC:        It protects you from cold.
Missiles
 r - a throwing net
 E - 3 javelins
Armour
 e - a +3 scale mail of positive energy
 g - a +0 cloak (worn)
 q - a +1 helmet (worn)
 u - a +3 chain mail
 z - a +2 leather armour of fire resistance
 A - +1 acid dragon scales
 D - a +1 helmet
 H - +0 fire dragon scales (worn)
Jewellery
 h - a +4 ring of protection (left hand)
 l - an amulet of regeneration
 m - an amulet of magic regeneration
 v - a ring of flight
 C - a ring of see invisible (right hand)
Wands
 b - a wand of polymorph (12)
 c - a wand of digging (7)
 x - a wand of flame (41) (quivered)
Scrolls
 f - 3 scrolls of magic mapping
 i - 2 scrolls of noise
 k - 2 scrolls of teleportation
 p - a scroll of poison
 y - a scroll of silence
Potions
 o - a potion of magic {unknown}
 t - a potion of cancellation
 w - 2 potions of flight
 B - a potion of attraction
 F - a potion of might


   Skills:
 + Level 8.8 Fighting
 + Level 7.8 Axes
 + Level 11.4 Armour
 + Level 10.5 Shields


You had 10 spell levels left.
You didn't know any spells.
Your spell library contained the following spells:

 Spells                   Type           Power      Damage    Failure   Level
 Apportation              Tloc           0%         N/A       78%         1
 Beastly Appendage        Tmut           0%         N/A       78%         1
 Magic Dart               Conj           0%         1d3       78%         1
 Necrotise                Necr           0%         1d4       78%         1
 Wereblood                Tmut           0%         N/A       88%         2
 Mephitic Cloud           Conj/Pois/Air  0%         N/A       98%         3
 Spider Form              Tmut/Pois      0%         N/A       98%         3
 Passage of Golubria      Tloc           0%         N/A       100%        4
 Silence                  Hex/Air        0%         N/A       100%        5
 Storm Form               Tmut/Air       0%         N/A       100%        7
 Lehudib's Crystal Spear  Conj/Erth      0%         10d2      100%        8
 Maxwell's Capacitive Co  Air            0%         ∞         100%        8
 Summon Small Mammal      Summ           Unusable   N/A       N/A         1
 Call Imp                 Summ           Unusable   N/A       N/A         2
 Summon Lightning Spire   Summ/Air       Unusable   N/A       N/A         4

Dungeon Overview and Level Annotations

Branches:
Dungeon (10/15)            Temple (1/1) D:4          Bailey (visited)
   Lair: D:8-11         Orc: D:9-12

Altars:
Ashenzari
Dithmenos
Fedhas
Hepliaklqana
Kikubaaqudgha
Makhleb
Nemelex Xobeh
Okawaru
Qazlal
Ru
Uskayaw
Vehumet
Xom
Zin
The Shining One

Shops:
D:1 [   D:7 :   D:9 (

Annotations:
D:5 1 runed translucent door
D:10 3 runed translucent doors, elongatedgoose's ghost, novice MiFi


Innate Abilities, Weirdness & Mutations

You are completely covered in rugged brown scales. (AC +3, +7% HP)
Armour fits poorly on your strangely shaped body.
You have a long armoured tail.
You roll when moving toward enemies. (Rampage)
Your long tongue fully drains potion bottles. (2x potion effects)
Your tongue gives you trouble enunciating. (1.5x scroll delay)
You passively map a small area around you.
You are weak. (Str -2)
Your spells are a little harder to cast, but a little more powerful.


Message History

You barely miss the kobold demonologist.
The troll shouts!
Your tail-slap misses the kobold demonologist.
The kobold demonologist is severely wounded.
You hit the kobold brigand. You burn the kobold brigand.
You feel sick.
You are no longer poisoned.
The kobold brigand hits you but does no damage.
The kobold demonologist hits you but does no damage.
The kobold brigand hits you with a +0 dagger.
You barely miss the kobold demonologist.
Your tail-slap misses the kobold demonologist.
The kobold demonologist is severely wounded.
You hit the soul eater. You burn the soul eater. You slash the kobold brigand!
You burn the kobold brigand.
The kobold demonologist casts a spell.
The soul eater hits you!
You feel drained. The kobold brigand barely misses you.
The soul eater hits you!
You feel drained.
The kobold demonologist casts a cantrip, but nothing happens.
A kobold demonologist comes into view. It is wielding a +0 dagger.
The kobold brigand closely misses you.
The kobold demonologist shouts!
You hit the kobold demonologist but do no damage.
The kobold demonologist is severely wounded.
You hit the soul eater but do no damage.
You slash the kobold brigand! You burn the kobold brigand.
You kill the kobold brigand!
Okawaru accepts your kill. Okawaru grants you throwing weapons!
Something appears at your feet!
You hit the ice devil. You burn the ice devil. The soul eater hits you!
You feel drained.
The kobold demonologist looks encouraged for a moment.
The kobold demonologist gestures wildly while chanting.
The ice devil hits you.
* * * LOW HITPOINT WARNING * * *
The ice devil freezes you!!
* * * LOW HITPOINT WARNING * * *
The kobold demonologist casts a spell.
The soul eater hits you!
You die...

......##...#..........#
...#...##..#..........#
##..#.##.#.#..........#
.##...#.####.........##
###############......#
,#...........'......# ,
#...........#......#
,#...........#4..5..#
,#...........#.@3...#
,#...........#.K)5..#
,#...........#.T....#
#.....#######...5..#
#...g.#§§§§§.......##
..####÷##.§.§)........#
......))..............#
..........(.K.........#
...........)..........#


You could see a soul eater (summoned), an ice devil (summoned), 2 kobold
demonologists, a troll, 2 crimson imps and a white imp (summoned).

Vanquished Creatures
  Erolcha (D:9)
  An ogre mage (D:10)
  A two-headed ogre (D:10)
  An orc knight (Bailey)
  A cyclops (D:10)
  Joseph (D:8)
  2 trolls (D:10)
  A wraith (D:10)
  3 shadows (D:10)
  8 yaks
  3 steam dragons (D:6)
  3 wargs (D:10)
  2 acid dragons
  2 orc warriors
  2 sky beasts
  2 ogres (D:6)
  4 centaurs
  2 bullfrogs
  3 gnoll sergeants (D:10)
  15 kobold brigands
  Blork the orc (D:4)
  14 scorpions
  A killer bee (D:5)
  4 howler monkeys
  2 electric eels (D:10)
  3 hounds
  3 orc priests
  2 gnoll boudas
  3 iguanas
  2 sleepcaps (D:6)
  10 orc wizards
  12 adders
  19 gnolls
  A shadow imp (D:7)
  2 white imps
  3 ufetubi
  3 worms
  4 dart slugs
  23 orcs
  5 bats
  6 endoplasms
  8 giant cockroaches
  A gnoll zombie (D:7)
  11 goblins
  11 hobgoblins
  6 quokkas
  11 ball pythons
  3 frilled lizards
  A goblin zombie (D:4)
  2 hobgoblin zombies (D:4)
  78 kobolds
  2 kobold zombies (D:4)
  10 rats
325 creatures vanquished.

Vanquished Creatures (others)
  4 fungi (D:6)
  5 plants
9 creatures vanquished.

Grand Total: 334 creatures vanquished

Notes
Turn   | Place    | Note
-------+----------+-------------------------------------------
     0 | D:1      | Pimp the Armataur Fighter began the quest for the Orb.
     0 | D:1      | Reached XP level 1. HP: 19/19 MP: 1/1
   154 | D:1      | Reached XP level 2. HP: 26/26 MP: 2/2
   191 | D:1      | Found Fucusen's Antique Armour Shop.
   276 | D:1      | Reached skill level 4 in Armour
   526 | D:1      | Reached XP level 3. HP: 30/33 MP: 3/3
   871 | D:2      | Found a faded altar of an unknown god.
  1064 | D:2      | Reached XP level 4. HP: 40/40 MP: 4/4
  1757 | D:3      | Found a blossoming altar of Fedhas.
  2224 | D:3      | Reached XP level 5. HP: 30/48 MP: 5/5
  2734 | D:3      | Reached skill level 5 in Armour
  2772 | D:3      | Reached XP level 6. HP: 15/55 MP: 6/6
  2943 | D:3      | Reached skill level 5 in Shields
  3077 | D:3      | Reached XP level 7. HP: 57/64 MP: 7/7
  3453 | D:4      | Identified the +11 whip of the Eight Knives {heavy, rC+
                  | MP+9}
  3464 | D:4      | Found a glowing golden altar of the Shining One.
  3582 | D:4      | Found a shadowy altar of Dithmenos.
  3610 | D:4      | Found an ancient bone altar of Kikubaaqudgha.
  3697 | D:4      | Noticed Blork the orc
  3701 | D:4      | Killed Blork the orc
  3702 | D:4      | Reached skill level 6 in Armour
  3803 | D:4      | Found a staircase to the Ecumenical Temple.
  3810 | Temple   | Entered the Ecumenical Temple
  3860 | Temple   | Became a worshipper of Warmaster Okawaru
  4119 | D:4      | Noticed an angel
  4120 | D:4      | Found a glowing silver altar of Zin.
  4124 | D:4      | Found a shimmering altar of Xom.
  4185 | D:5      | Entered Level 5 of the Dungeon
  4306 | D:5      | Found a runed translucent door.
  4310 | D:5      | Found a runed translucent door.
  4358 | D:5      | Reached skill level 5 in Fighting
  4358 | D:5      | Reached XP level 8. HP: 61/72 MP: 8/8
  4384 | D:5      | Reached * piety under Okawaru
  4385 | D:5      | Reached skill level 7 in Armour
  5241 | D:6      | Reached skill level 5 in Axes
  5293 | D:6      | Reached ** piety under Okawaru
  5349 | D:6      | Identified a scroll of acquirement
  5349 | D:6      | Acquired the +5 battleaxe "Nythecro" {flame, rC+}
  5362 | D:6      | Reached XP level 9. HP: 80/80 MP: 9/9
  5494 | D:6      | Reached skill level 8 in Armour
  6668 | D:7      | Found Qadysih's Book Shoppe.
  6762 | D:7      | Reached *** piety under Okawaru
  6763 | D:7      | Found a radiant altar of Vehumet.
  6795 | D:7      | Found a sand-covered staircase.
  6804 | D:7      | Found a flagged portal.
  6816 | D:7      | Reached skill level 9 in Armour
  6831 | D:7      | HP: 4/83 [poisoned by a kobold brigand (curare-tipped
                  | dart)]
  6832 | D:7      | Gained mutation: You expend magic power (3 MP) to
                  | strengthen your wands. [potion of mutation]
  6832 | D:7      | Gained mutation: You have sharp toenails. [potion of
                  | mutation]
  6832 | D:7      | Gained mutation: You are partially covered in iridescent
                  | scales. (AC +2) [potion of mutation]
  6863 | Bailey   | Entered a bailey
  7189 | Bailey   | Noticed an orc knight
  7191 | Bailey   | Found a bloodstained altar of Trog.
  7204 | Bailey   | Killed an orc knight
  7205 | Bailey   | Reached XP level 10. HP: 33/92 MP: 10/10
  7770 | D:8      | Noticed Joseph
  7780 | D:8      | Killed Joseph
  7780 | D:8      | Reached **** piety under Okawaru
  8073 | D:8      | Lost mutation: You have sharp toenails. [potion of
                  | mutation]
  8073 | D:8      | Lost mutation: You are partially covered in iridescent
                  | scales. (AC +2) [potion of mutation]
  8073 | D:8      | Lost mutation: You expend magic power (3 MP) to strengthen
                  | your wands. [potion of mutation]
  8073 | D:8      | Gained mutation: You passively map a small area around you.
                  | [potion of mutation]
  8073 | D:8      | Gained mutation: You are weak. (Str -2) [potion of
                  | mutation]
  8073 | D:8      | Gained mutation: Your spells are a little harder to cast,
                  | but a little more powerful. [potion of mutation]
  8127 | D:8      | Found a broken altar of Ashenzari.
  8494 | D:9      | Reached skill level 10 in Armour
  8708 | D:9      | Noticed Erolcha
  8714 | Abyss:1  | Cast into level 1 of the Abyss (Erolcha)
  8765 | D:9      | Escaped the Abyss
  8776 | D:9      | Killed Erolcha
  8776 | D:9      | Reached ***** piety under Okawaru
  8914 | D:9      | Found Gauck's Weapon Shop.
  8967 | D:9      | Found a hide-covered altar of Uskayaw.
  9265 | D:10     | Entered Level 10 of the Dungeon
  9265 | D:10     | Noticed a nine-headed hydra
  9265 | D:10     | Found a runed translucent gate.
  9265 | D:10     | Found a runed translucent gate.
  9266 | D:10     | Noticed elongatedgoose's ghost (novice MiFi)
  9267 | D:10     | Found a runed translucent gate.
  9711 | D:10     | Noticed a two-headed ogre
  9719 | D:10     | Killed a two-headed ogre
  9719 | D:10     | Received a gift from Okawaru
  9720 | D:10     | Reached skill level 10 in Shields
  9720 | D:10     | Reached XP level 11. HP: 101/101 MP: 11/11
  9886 | D:10     | Reached skill level 11 in Armour
 10741 | D:10     | Noticed an ogre mage
 10753 | D:10     | Killed an ogre mage
 11008 | D:10     | Found a hazy altar of Hepliaklqana.
 11055 | D:10     | Noticed a soul eater
 11057 | D:10     | Received a gift from Okawaru
 11057 | D:10     | HP: 2/93 [ice devil[a kobold demonologist] (21)]
 11057 | D:10     | Mangled by a soul eater

Illustrated notes

Levels and vault maps discovered:
D:1:      dpeg_arrival_simpleton_a, layout_basic, serial_shops, shop,
          minmay_misc_feat_ornament, serial_bayou_pond_b, minmay_surrounded
D:2:      layout_loops_ring, ebering_ecumenical_altar_mist,
          hangedman_glass_teeth, minmay_3d_cube
D:3:      minmay_goblin_kobold_castle, layout_basic, overflow_temple_1_default,
          roderic_roman_lattice, chequers_serial_rivers_large_b,
          minmay_fractal_squares_gapless_5
D:4:      layout_basic, grunt_temple_overflow_order_and_chaos_1,
          mainiacjoe_overflow_tiny_flanked, nicolae_tso_besieged_by_evil,
          grunt_dithmenos_smoke_and_mirrors, minmay_temple_entry_nine_rooms,
          uniq_blork_the_orc
D:5:      lemuel_insect_pit, layout_basic
D:6:      layout_gridville, small_statue_alley_b, minmay_misc_feat_four_crosses,
          chequers_jeans, dreamdust_gnoll_farm
D:7:      layout_basic, nicolae_vehumet_radiance, serial_shops,
          nicolae_lakefront_shop, enter_ossuary_3, enter_bailey_5
D:8:      layout_cave_pools, ashenzari_conservatory_becter,
          minmay_misc_feat_more_columns, minmay_crossroads, uniq_joseph
D:9:      layout_cross, nicolae_uskayaw_suspiria, serial_shops, shop,
          uniq_erolcha
D:10:     lemuel_castle_with_subvaults [lemuel_castle_interior_carwin_2],
          layout_irregular_city, kennysheep_ying_yang,
          nzn_hepliaklqana_mist_gate, gammafunk_ghost_hydra_chop,
          minmay_misc_feat_rugged, st_stairs_13, minivault_14
Temple:   dpeg_chambers_temple

Skill      XL: |  1  2  3  4  5  6  7  8  9 10 11 |
---------------+----------------------------------+-----
Fighting       | 3 4 5 6 7 8 |  8.8
Armour         | 4 5 6 7 9 10 11 | 11.4
Axes           | 2 3 4 5 6 7 |  7.8
Shields        | 4 5 6 7 8 10 | 10.5

Action                     |  1- 3 |  4- 6 |  7- 9 | 10-12 || total
---------------------------+-------+-------+-------+-------++-------
  Melee: War axe           |   114 |   166 |    27 |       ||   307
         Tailslap          |     7 |    13 |    28 |    21 ||    69
         Whip              |       |       |   150 |       ||   150
         Battleaxe         |       |       |   109 |   175 ||   284
         Kick              |       |       |     6 |     6 ||    12
  Throw: Throwing net      |       |       |       |     1 ||     1
  Evoke: Wand              |       |       |       |     5 ||     5
    Use: Potion            |       |     4 |    14 |     4 ||    22
         Scroll            |       |     1 |    12 |     8 ||    21
   Stab: Fleeing           |       |       |       |     2 ||     2
 Armour: Scale mail        |    93 |   131 |   127 |    16 ||   367
         Leather armour    |       |       |   172 |     1 ||   173
         Chain mail        |       |       |       |    76 ||    76
         Fire dragon scale |       |       |       |    63 ||    63
  Dodge: Dodged            |    60 |    83 |   217 |    64 ||   424
  Block: Buckler           |    40 |    49 |    53 |       ||   142

Table legend: (Time is in decaauts)
 A = Elapsed time spent in this place.
 B = Non-inter-level travel time spent in this place.
 C = Inter-level travel time spent in this place.
 D = Time resting spent in this place.
 E = Time spent auto-exploring this place.
 F = Levels seen in this place.
 G = Mean time per level.
                   A        B        C        D        E       F      G
               +--------+--------+--------+--------+--------+-----+--------+
         Total |  11371 |  10760 |    611 |   2753 |   5612 |  13 |  874.7 |
       Dungeon |  10662 |  10079 |    583 |   2335 |   5525 |  10 | 1066.2 |
        Temple |     71 |     43 |     28 |      0 |     37 |   1 |   71.0 |
         Abyss |     51 |     51 |      0 |      0 |      0 |   1 |   51.0 |
        Bailey |    586 |    586 |      0 |    418 |     50 |   1 |  586.0 |
               +--------+--------+--------+--------+--------+-----+--------+

Top non-repeatable levels by time:
     D:3: 1891 daAuts
    D:10: 1813 daAuts
     D:6: 1420 daAuts
     D:5: 1003 daAuts
     D:2: 852 daAuts
     D:1: 810 daAuts
     D:8: 777 daAuts
     D:9: 755 daAuts
     D:4: 715 daAuts
     D:7: 622 daAuts
  Bailey: 586 daAuts
  Temple: 71 daAuts
 Abyss:1: 51 daAuts
